Map: Lightshade LE

Players

DisK - Winner!

  • Race: Protoss Protoss

PureLegacy

  • Race: Terran Terran
  • League: Grandmaster

Event: DreamHack SC2 Masters 2021 Summer

VOD

Have the link to the VOD?

Description

Time

  • Played on: May 25, 2021, 3:22 p.m.
  • Length: 19:07

All games in this series

Show
View Real Time Build Order
Export as new Build Order

DisK Protoss - Winner!

Build Orders: 1 Gate Expand, Blink Stalkers 

Get SALT Encoding   

  12  0:00  Probe  
  13  0:12  Probe  
  14  0:17  Pylon  
  14  0:24  Probe  
  15  0:35  Gateway  
  15  0:38  Probe (Chrono Boost)  
  16  0:47  Probe (Chrono Boost)  
  16  0:48  Assimilator  
  17  0:52  Probe (Chrono Boost)  
  18  1:04  Probe  
  19  1:17  Probe  
  20  1:22  Cybernetics Core  
  20  1:33  Nexus  
  20  1:35  Probe  
  21  1:40  Pylon  
  21  1:48  Probe, Assimilator  
  22  1:56  Adept (Chrono Boost)  
  24  2:02  Warp Gate  
  24  2:03  Probe  
  25  2:15  Probe  
  25  2:16  Stalker (Chrono Boost)  
  28  2:28  Probe  
  29  2:35  Twilight Council  
  29  2:43  Probe (Chrono Boost)  
  30  2:44  Stalker  
  30  2:47  Probe (Chrono Boost)  
  33  2:56  Probe x2 (Chrono Boost)  
  35  3:03  Gateway  
  35  3:04  Probe x2  
  37  3:06  Blink (Chrono Boost)  
  37  3:16  Probe  
  37  3:18  Gateway  
  38  3:21  Probe  
  39  3:28  Probe  
  40  3:34  Shield Battery  
  40  3:36  Probe  
  40  3:38  Shield Battery  
  40  3:41  Probe, Pylon  
  42  3:49  Forge  
  42  3:53  Stalker  
  42  3:54  Probe  
  42  3:55  Probe  
  45  4:01  Robotics Facility  
  45  4:08  Probe (Chrono Boost)  
  47  4:10  Probe (Chrono Boost), Assimilator  
  47  4:11  Assimilator  
  47  4:12  Pylon  
  47  4:15  Stalker  
  49  4:19  Probe (Chrono Boost)  
  49  4:21  Probe (Chrono Boost)  
  51  4:26  Stalker  
  51  4:30  Stalker  
  55  4:32  Probe  
  55  4:34  Probe  
  54  4:52  Probe (Chrono Boost)  
  54  4:58  Probe (Chrono Boost)  
  54  5:03  Probe (Chrono Boost)  
  54  5:06  Probe (Chrono Boost)  
  56  5:08  Robotics Bay  
  56  5:09  Observer  
  56  5:12  Probe  
  58  5:16  Nexus  
  58  5:17  Probe, Pylon, Stalker  
  61  5:29  Probe  
  61  5:32  Charge  
  61  5:34  Forge  
  63  5:36  Observer  
  63  5:37  Probe  
  63  5:41  Probe  
  65  5:43  Sentry  
  67  5:52  Pylon  
  67  5:54  Probe x2  
  69  5:59  Observer  
  69  6:01  Protoss Ground Weapons Level 1  
  69  6:07  Probe, Colossus (Chrono Boost)  
  69  6:10  Probe, Pylon x2, Extended Thermal Lance  
  77  6:19  Probe  
  77  6:21  Shield Battery  
  77  6:25  Gateway x2  
  78  6:27  Gateway  
  78  6:32  Probe x2  
  80  6:37  Probe, Observer  
  81  6:40  Shield Battery  
  81  6:44  Probe x2  
  83  6:49  Probe  
  83  6:50  Zealot, Sentry x2  
  83  6:52  Colossus (Chrono Boost)  
  96  7:07  Observer  
  96  7:08  Probe x2  
  90  7:10  Stalker  
  90  7:14  Pylon x2  
  90  7:15  Zealot x2  
  96  7:23  Stalker x2  
  96  7:24  Shield Battery  
  96  7:25  Stalker  
  96  7:26  Pylon  
  102  7:34  Shield Battery  
  102  7:35  Stalker x2  
  102  7:36  Zealot  
  96  7:52  Zealot x2  
  96  7:53  Zealot  
  90  8:00  Zealot x3  
  90  8:01  Warp Prism  
  90  8:04  Assimilator  
  94  8:06  Assimilator  
  94  8:11  Observer, Templar Archives  
  94  8:15  Probe x3  
  94  8:18  Zealot x2  
  94  8:19  Zealot, Protoss Ground Armor Level 1 (Chrono Boost)  
  103  8:27  Probe  
  103  8:33  Pylon  
  103  8:36  Colossus (Chrono Boost), Zealot, Sentry x2  
  103  8:41  Zealot x2  
  119  8:42  Zealot  
  121  8:53  Pylon  
  121  9:00  Stalker x3  
  127  9:08  Zealot x3  
  102  9:24  Zealot x3  
  104  9:34  Stalker x3  
  104  9:36  Disruptor (Chrono Boost)  
  104  9:45  Gateway  
  101  9:46  Observer, Gateway, Pylon  
  101  9:50  Pylon  
  99  9:54  Nexus  
  99  9:57  Zealot x3  
  99  9:58  Pylon  
  105  10:02  High Templar  
  105  10:03  High Templar  
  105  10:05  Observer  
  109  10:15  Disruptor (Chrono Boost)  
  109  10:16  Stalker  
  109  10:18  Protoss Ground Weapons Level 2 (Chrono Boost)  
  114  10:21  Pylon  
  114  10:23  Shield Battery  
  114  10:34  Stalker x3  
  120  10:39  Zealot x3  
  124  10:49  Zealot x2  
  124  10:50  Archon  
  120  11:01  Stalker x2  
  120  11:02  Stalker x4  
  120  11:11  Probe x4  
  118  11:14  Zealot x2  
  118  11:17  Templar Archives  
  110  11:30  Zealot x6  
  122  11:35  Disruptor  
  122  11:39  Psionic Storm  
  115  11:47  Probe  
  115  11:48  Probe x3  
  115  11:50  Observer  
  119  12:00  Probe  
  120  12:01  High Templar x8  
  120  12:03  Probe x3  
  120  12:08  Archon x4  
  139  12:09  Disruptor (Chrono Boost)  
  139  12:13  Pylon  
  139  12:15  Robotics Facility  
  142  12:19  Pylon  
  133  12:34  Zealot  
  133  12:35  Zealot x6  
  133  12:36  Zealot, Protoss Ground Armor Level 2 (Chrono Boost)  
  147  12:38  Disruptor (Chrono Boost)  
  146  12:49  Assimilator  
  146  12:53  Assimilator  
  146  12:56  Photon Cannon  
  146  13:00  Zealot x7  
  163  13:10  Disruptor (Chrono Boost)  
  159  13:19  Zealot  
  161  13:25  Zealot x3  
  161  13:26  Zealot x4  
  166  13:30  Disruptor (Chrono Boost)  
  166  13:36  Disruptor (Chrono Boost)  
  167  13:42  Zealot  
  139  13:57  High Templar x5  
  129  14:06  Nexus  
  120  14:13  Disruptor (Chrono Boost), Stalker x3  
  120  14:14  Disruptor (Chrono Boost)  
  120  14:16  Observer  
  132  14:18  Probe x2  
  132  14:22  Pylon  
  134  14:24  Pylon  
  134  14:25  Gateway  
  134  14:26  Gateway  
  134  14:29  Photon Cannon  
  134  14:31  Dark Shrine, Stalker x5  
  144  14:42  Pylon  
  144  14:44  Observer  
  144  14:46  Disruptor x2 (Chrono Boost)  
  150  14:57  Stalker x4  
  150  14:58  Zealot, Stalker x2  
  164  15:00  Zealot  
  166  15:12  Protoss Ground Weapons Level 3 (Chrono Boost)  
  166  15:20  Zealot x4  
  166  15:21  Zealot x2  
  178  15:26  Sentry  
  178  15:27  Stalker  
  178  15:28  Zealot  
  184  15:30  Observer x2  
  184  15:32  Zealot  
  180  16:00  Zealot  
  180  16:01  Zealot x9  
  188  16:04  Disruptor x2  
  194  16:13  Shadow Stride  
  194  16:17  Assimilator  
  194  16:19  Assimilator  
  194  16:20  Photon Cannon  
  194  16:21  Photon Cannon  
  194  16:22  Shield Battery  
  194  16:23  Shield Battery  
  192  16:37  Zealot  
  192  16:38  Zealot x4  
  172  16:52  Stalker x5  
  147  17:08  Stalker  
  147  17:09  Stalker x4  
  153  17:21  Zealot x3  
  153  17:22  Zealot x2  
  153  17:23  Observer  
  113  17:37  Colossus x2 (Chrono Boost)  
  113  17:38  Zealot x5  
  135  17:53  Nexus  
  135  17:54  Dark Templar x5  
  143  18:09  Gravitic Boosters  
  143  18:11  Probe x2  
  145  18:14  Dark Templar x4  
  145  18:16  Dark Templar  
  151  18:36  Zealot x5  
Show
View Real Time Build Order
Export as new Build Order

PureLegacy Terran 

Build Orders: Hellion Opening, Reaper Expand 

Get SALT Encoding   

  12  0:00  SCV  
  13  0:13  SCV  
  14  0:18  Supply Depot  
  14  0:25  SCV  
  15  0:39  SCV  
  15  0:41  Barracks  
  16  0:44  Refinery  
  16  0:51  SCV  
  17  1:03  SCV  
  18  1:16  SCV  
  19  1:28  Orbital Command  
  19  1:29  Reaper  
  20  1:41  Command Center  
  20  1:54  SCV, Supply Depot  
  20  2:00  Marine  
  22  2:07  SCV  
  23  2:09  Factory  
  23  2:19  SCV  
  23  2:21  Bunker  
  23  2:22  Barracks Reactor  
  24  2:26  Refinery  
  24  2:31  SCV  
  25  2:43  SCV  
  26  2:55  Orbital Command  
  26  2:57  SCV  
  27  3:01  Starport  
  27  3:05  Hellion x2  
  31  3:11  SCV, Barracks Tech Lab  
  32  3:21  SCV  
  32  3:23  SCV  
  32  3:26  Hellion  
  32  3:27  Hellion  
  38  3:33  SCV  
  39  3:36  SCV  
  39  3:38  Supply Depot  
  39  3:39  Medivac  
  42  3:48  Hellion x2  
  46  4:00  SCV x2  
  48  4:03  Supply Depot  
  48  4:10  Starport Tech Lab  
  48  4:12  SCV x2  
  48  4:15  Bunker  
  50  4:19  Siege Tank  
  50  4:21  Barracks, Marine  
  50  4:23  Barracks  
  54  4:24  SCV x2, Marine  
  54  4:27  Supply Depot  
  54  4:31  Raven  
  59  4:36  SCV x2  
  61  4:39  Engineering Bay  
  61  4:51  SCV  
  62  4:53  Marine x2  
  62  4:54  SCV, Siege Tank  
  66  5:04  SCV  
  66  5:06  Refinery, Terran Infantry Weapons Level 1  
  64  5:11  Barracks, Marine x2  
  64  5:12  Barracks  
  66  5:14  SCV  
  66  5:16  SCV  
  66  5:20  Refinery  
  68  5:22  Supply Depot x2  
  68  5:26  SCV  
  69  5:31  Starport Reactor, Stimpack  
  69  5:32  SCV  
  70  5:43  Marine x4, Combat Shield  
  70  5:48  Supply Depot  
  70  5:49  SCV  
  76  5:50  SCV, Supply Depot  
  76  5:51  Factory Reactor  
  76  6:00  Barracks Reactor, Barracks Tech Lab  
  76  6:03  Marauder x2, Marine x2  
  72  6:13  Command Center, Supply Depot  
  71  6:19  Marauder  
  71  6:24  Marine x2  
  74  6:29  Marauder x2, Medivac x2  
  74  6:30  Widow Mine  
  74  6:31  Widow Mine  
  86  6:35  Supply Depot  
  86  6:37  Marine x2  
  88  6:44  Marine x2  
  90  6:48  Marauder  
  90  6:51  Widow Mine  
  90  6:53  Widow Mine, Supply Depot  
  90  6:54  Marauder x2  
  100  6:58  Supply Depot  
  94  7:06  Marine  
  94  7:07  Marine x3  
  94  7:08  Medivac x2  
  100  7:09  Concussive Shells  
  100  7:10  Marauder  
  100  7:11  SCV x2  
  104  7:18  Marauder x2  
  104  7:21  Terran Infantry Armor Level 1  
  104  7:22  Supply Depot  
  108  7:29  SCV  
  110  7:30  SCV  
  110  7:31  Marine x3  
  110  7:32  Marine  
  114  7:44  Supply Depot  
  104  7:52  Marauder  
  104  7:57  Medivac  
  100  8:00  Marauder, Marine  
  100  8:01  Marine x4  
  100  8:03  SCV x2, Orbital Command  
  101  8:13  Marauder  
  101  8:15  Starport, SCV x2  
  107  8:20  Marauder, Sensor Tower  
  107  8:26  Marauder, Marine  
  107  8:27  SCV, Marine x3  
  109  8:28  SCV  
  109  8:29  Viking  
  109  8:30  Viking  
  118  8:35  Marauder  
  118  8:39  SCV x2  
  118  8:40  SCV  
  125  8:41  Marauder  
  125  8:51  Refinery x2, SCV x2  
  125  8:52  SCV, Supply Depot  
  125  8:53  Marine x2  
  130  8:56  Marine  
  130  8:59  Viking  
  130  9:00  Viking  
  135  9:03  SCV  
  135  9:07  SCV x2  
  135  9:08  Marine  
  135  9:09  Marine x2  
  125  9:19  Marauder  
  124  9:24  Viking x2  
  124  9:29  Viking  
  122  9:33  Marauder x2, Marine x2  
  122  9:36  Medivac  
  122  9:37  SCV x3  
  126  9:41  Marauder  
  126  9:42  Marine x2  
  126  9:43  Sensor Tower  
  126  9:45  Engineering Bay  
  127  9:48  Armory  
  127  9:54  Medivac  
  127  9:56  Command Center, Missile Turret  
  131  10:00  Marauder  
  131  10:01  Marauder  
  131  10:07  Marauder, Marine x4  
  135  10:09  Ghost Academy  
  139  10:14  Missile Turret  
  139  10:24  Marauder x2, Marine  
  144  10:30  Marauder, Marine  
  144  10:31  Marine x2  
  149  10:37  Barracks  
  149  10:39  Barracks x2  
  147  10:46  Marauder  
  147  10:47  Marauder  
  147  10:48  Viking x3  
  154  10:59  Terran Infantry Armor Level 2, Terran Infantry Weapons Level 2  
  154  11:03  Marauder, Marine x4  
  139  11:12  Marauder x2  
  141  11:23  Marine x3  
  141  11:25  Marauder  
  139  11:28  Marine  
  139  11:29  Barracks Tech Lab x3  
  139  11:31  SCV x3  
  138  11:34  Marauder x2  
  137  11:43  SCV x3  
  137  11:46  Marauder  
  142  11:47  Marine x2  
  142  11:48  Marauder x2, Marine  
  142  11:54  Ghost, Marine  
  150  11:55  SCV x3, Marauder, Sensor Tower  
  157  12:01  Ghost  
  157  12:03  Enhanced Shockwaves  
  157  12:05  Marine x2  
  157  12:06  Marine  
  157  12:07  SCV, Marine  
  164  12:08  Marine  
  164  12:10  Missile Turret  
  164  12:12  Marauder  
  164  12:14  Terran Ship Weapons Level 1  
  167  12:17  Planetary Fortress  
  167  12:20  Marine  
  167  12:21  Marine  
  169  12:23  Marine  
  154  12:30  Marine x2  
  154  12:31  Marauder  
  154  12:33  Marine x2  
  154  12:34  Marauder  
  154  12:36  SCV x3  
  152  12:37  Marine  
  152  12:38  Marine x2  
  152  12:41  Marine  
  156  12:44  Fusion Core  
  156  12:49  Marine x2  
  156  12:51  Ghost, Marauder, Marine  
  158  12:56  Marine x2  
  166  13:01  Marine  
  166  13:02  Liberator x3  
  178  13:09  Liberator  
  178  13:11  Ghost  
  172  13:17  Command Center  
  172  13:26  Marine x2  
  172  13:27  Marauder  
  172  13:28  Terran Infantry Weapons Level 3  
  172  13:32  Marine x2  
  172  13:33  Marine  
  175  13:35  Refinery x2  
  175  13:38  Marauder, Marine x2  
  179  13:45  Medivac x3  
  179  13:46  Marine  
  179  13:47  Marauder, Marine  
  170  13:48  Marauder  
  170  13:50  Marine  
  170  13:51  Marauder, Marine  
  170  13:52  Medivac  
  157  13:55  Marine  
  157  13:56  Marine  
  157  13:59  Marine  
  145  14:04  Marine  
  145  14:07  Marine  
  145  14:08  Marauder  
  145  14:09  Marine x2  
  120  14:10  Marauder  
  120  14:12  Marine  
  120  14:13  SCV x2, Marine  
  120  14:14  Marauder  
  120  14:15  Medivac  
  121  14:17  Marine  
  121  14:22  Marine  
  123  14:24  Liberator  
  123  14:25  Marine, Liberator  
  123  14:26  Marine  
  123  14:27  Marine  
  123  14:30  Advanced Ballistics, Marauder x2  
  136  14:35  Marine x2  
  138  14:39  Marine x2  
  138  14:40  Marine  
  138  14:45  Marine x3  
  141  14:47  Missile Turret  
  141  14:51  Marauder  
  141  14:52  Marauder  
  148  14:53  Marine x2  
  148  14:57  Marine, Ghost  
  153  15:01  Planetary Fortress  
  153  15:05  Marine x2  
  153  15:06  Marine x2  
  157  15:08  SCV  
  157  15:09  SCV x2  
  157  15:10  SCV  
  157  15:11  Ghost  
  163  15:19  Ghost  
  163  15:21  Marine x2  
  167  15:22  Marauder  
  167  15:25  Marine x2  
  171  15:30  Command Center  
  171  15:32  Marine  
  171  15:33  Marine  
  173  15:49  Marine x2  
  175  15:54  Marine x2  
  175  15:55  Marauder  
  175  15:57  Ghost x2  
  169  15:58  Marine x3  
  169  16:03  Liberator x2  
  179  16:08  Marine x2  
  181  16:13  Medivac x2  
  181  16:16  Marauder x2  
  181  16:18  Marine x3  
  190  16:19  Marauder  
  193  16:25  Marine  
  193  16:26  Marine x2  
  193  16:27  Marauder  
  195  16:36  Marauder, Marine x2  
  195  16:37  Marauder, Marine  
  195  16:39  Marine  
  176  16:43  Marine, Liberator  
  176  16:44  Marauder, Marine  
  164  16:48  Marine  
  164  16:53  Marine  
  164  16:54  Marine  
  152  16:56  Marauder  
  152  16:57  Marine  
  152  16:58  Marauder, Marine  
  155  17:01  Marine  
  155  17:02  Marine  
  155  17:05  Marauder  
  155  17:06  Marauder  
  152  17:11  Marine x2  
  145  17:16  Marauder x2  
  145  17:17  Marine  
  145  17:19  Marauder, Marine, Medivac  
  145  17:20  Marine  
  141  17:27  Marauder, Marine  
  141  17:29  Marine x2  
  119  17:34  Medivac x2  
  119  17:35  Marauder  
  114  17:37  Marauder, Marine  
  114  17:38  Marauder, Marine  
  114  17:40  SCV x2  
  121  17:45  Marine  
  121  17:47  Marine x2  
  121  17:48  Marauder  
  126  17:51  Orbital Command  
  126  17:53  Medivac x2  
  126  17:55  Marine  
  126  17:56  Ghost, Marauder, Marine  
  134  17:58  Marauder  
  134  17:59  Marine  
  134  18:03  Marauder  
  134  18:04  Medivac  
  135  18:09  Marine x2  
  135  18:10  Marauder  
  133  18:16  Ghost  
  133  18:18  Missile Turret  
  135  18:24  Medivac x2  
  135  18:25  Marine x3  
  135  18:26  Marine  
  143  18:29  Refinery  
  142  18:34  Medivac  
  142  18:35  Marine  
  142  18:37  Marine  
  142  18:38  Marine x2  
Tags
 
Add a new tag
Caveats
  • Supply blocks, unpowered buildings, or Contaminate may cause inaccurate times.
  • Supply counts are checked every 10 seconds.